 Dungeon Crawl Stone Soup version 0.29.1-2-gbd0b4ee654 (webtiles) character file.

Game seed: 3305290822144561922

54 Tirrikindir the Trooper (level 3, 26/26 HPs)
             Began as an Octopode Fighter on Oct 29, 2022.
             Was a Follower of Qazlal.
             Got out of the dungeon alive.
             The game lasted 00:03:47 (2047 turns).

Tirrikindir the Trooper (Octopode Fighter)          Turns: 2047, Time: 00:03:48

Health: 26/26      AC:  1    Str: 15    XL:     3   Next: 91%
Magic:  3/3        EV: 13    Int: 10    God:    Qazlal [*.....]
Gold:   65         SH:  6    Dex: 13    Spells: 2/2 levels left

rFire   . . .      SeeInvis .   a - +0 long sword
rCold   . . .      Faith    .   b - +0 buckler
rNeg    . . .      Spirit   .   (helmet restricted)
rPois   .          Reflect  .   (no amulet)
rElec   .          Harm     .   (no ring)
rCorr   .          Rampage  .   (no ring)
Will    .....                   (no ring)
Stlth   +++.......              (no ring)
HPRegen 0.08/turn               (no ring)
MPRegen 0.08/turn               (no ring)
                                (no ring)
                                (no ring)

@: no status effects
A: almost no armour, amphibious, 8 rings, camouflage 1, gelatinous body 1,
(nimble swimmer 1), tentacles
a: Renounce Religion


You escaped.
You worshipped Qazlal.
Qazlal was aware of your devotion.
You visited 1 branch of the dungeon, and saw 2 of its levels.

You collected 65 gold pieces.

Inventory:

Hand Weapons
 a - a +0 long sword (weapon)
Missiles
 e - 5 boomerangs (quivered)
Armour
 b - a +0 buckler (worn)
Scrolls
 f - 2 scrolls of poison
 k - a scroll of teleportation {unknown}
Potions
 c - a potion of might
 g - 2 potions of lignification
 h - a potion of mutation
 i - a potion of berserk rage {unknown}
 j - 2 potions of curing {unknown}


   Skills:
 + Level 3.3 Fighting
 * Level 2.8 Long Blades
 + Level 0.1 Throwing
 + Level 3.3 Dodging
 + Level 1.6 Stealth
 + Level 3.2 Shields


You had 2 spell levels left.
You didn't know any spells.
Your spell library was empty.

Dungeon Overview and Level Annotations

Branches:
Dungeon (2/15)

Altars:
Qazlal

Shops:
D:2 ?


Innate Abilities, Weirdness & Mutations

You cannot wear most types of armour.
You are amphibious.
You can wear up to eight rings at the same time.
Your skin changes colour to match your surroundings (Stealth+).
Your rubbery body absorbs attacks. (AC +1, EV +1)
((You are camouflaged when in or above water. (Stealth+)))
You have tentacles for arms and can constrict up to eight enemies at once.


Message History

You struggle against the net.
You struggle against the net.
You shred the net and break free! You hit the kobold.
Your grab misses the kobold. Your squeeze misses the kobold.
The kobold is severely wounded.
The kobold hits you with a +0 short sword.
You closely miss the kobold. You grab the kobold.
The kobold is severely wounded.
You constrict the kobold.
You kill the kobold!
You now have enough gold to buy a scroll of immolation on this level.
You can access your shopping list by pressing '$'.
You now have 65 gold pieces (gained 21).
You see here a +0 short sword.
HP restored.
Found an escape hatch in the floor.
There is an open door here.
There is an open door here.
k - a scroll labelled WIHAONW MEBLA You open the door.
There is an open door here.
Found a dagger.
Found a faded altar of an unknown god.
You see here a staff of conjuration.
As you read the scroll of identify, it crumbles to dust.
h - a potion of mutation
There is a faded altar of an unknown god here.
You cannot tell which god this altar belongs to.
Convert to them anyway?
Qazlal accepts your prayer! Qazlal welcomes you!
Qazlal grants you and your divine allies immunity to clouds.
You are now surrounded by a storm.
(D) Dungeon
Where to? (Enter - D:1 @ (x,y), ? - help)
What level of the Dungeon? (default 1, ? - help)
There is an escape hatch in the ceiling here.
A mysterious force pulls you upwards. The hatch slams shut behind you.
There is a staircase leading out of the dungeon here.
Are you sure you want to leave the Dungeon?
This will make you lose the game!
You have escaped!

###.#.######.~~~~.###.#.#.~.# #.#
#.#.#.........~...#.#.#.~.# #.#
#.#.#########.~~~.#.#.#.~.# #.#
#.#.#...........~...#.#.~.# #.#
#.#.#.###.~~~~~.~~~.#...~.# #.#
#.#.#.#...~...~...~.#.~~~.# #.#
#.#.###.~~~.~.~~~.~.#.~.#.# #.#
#.#.#...~...~.....~...~.#.# #.#
#.#.#.~~~.~~~.@.~~~.~~~.#.###.#
#.#.#.~...~.....~...~...#.....#
#.#.#.~.#.~.~~~.~.~~~.######..#
###.#.~~~.#.~...~...~...#.#....>.
..#.#.~...#.~~~.~~~~~.###.#.###..
..#.#.~.#.#...~...........#.#....
..#.#.~.#.#.#.~~~.#########....##
..#.#.~.#.#.#...~.........#......
###.#.~.#.#.###.~~~~.######.#.###


There were no monsters in sight!

Vanquished Creatures
  An adder (D:2)
  2 dart slugs
  3 ball pythons
  2 endoplasms (D:1)
  2 giant cockroaches
  5 goblins
  4 hobgoblins
  3 kobolds
  8 bats
  2 frilled lizards
  6 rats
38 creatures vanquished.

Notes
Turn   | Place    | Note
-------+----------+-------------------------------------------
     0 | D:1      | Tirrikindir the Octopode Fighter began the quest for the
                  | Orb.
     0 | D:1      | Reached XP level 1. HP: 16/16 MP: 1/1
   156 | D:1      | Reached XP level 2. HP: 18/21 MP: 2/2
   336 | D:1      | Reached skill level 1 in Stealth
   956 | D:1      | Reached XP level 3. HP: 19/26 MP: 3/3
  1218 | D:2      | Found Ateyfait's Magic Scroll Shoppe.
  1667 | D:2      | Found a stormy altar of Qazlal.
  1991 | D:2      | Found a faded altar of an unknown god.
  2000 | D:2      | Prayed at the altar of an unknown god.
  2000 | D:2      | Became a worshipper of Qazlal Stormbringer
  2000 | D:2      | Reached * piety under Qazlal
  2047 | D:$      | Got out of the dungeon alive.

Illustrated notes

Levels and vault maps discovered:
D:1:      psy_arrival_radial02, layout_basic
D:2:      layout_basic, basic_ecumenical_altar, serial_shops, shop, basic_altar,
          minivault_14

Skill      XL: |  1  2 |
---------------+-------+-----
Stealth        | 1 |  1.6
Fighting       | |  3.3
Long Blades    | |  2.8
Throwing       | |  0.1
Dodging        | |  3.3
Shields        | |  3.2

Action                   || total
-------------------------++-------
Melee: Long sword        ||    68
       Constrict         ||    16
       Tentacles         ||     4
Throw: Boomerang         ||     4
  Use: Scroll            ||     4
 Stab: Sleeping          ||     5
       Distracted        ||     1
Armor: Skin              ||     4
Dodge: Dodged            ||    48
Block: Buckler           ||    10
